 Dungeon Crawl Stone Soup version 0.31-a0-940-gdaa99269f9 (webtiles) character file.

Game seed: 1251494416330427723

43 gelatine the Ruffian (level 3, 0/23 HPs)
             Began as an Octopode Shapeshifter on Oct 20, 2023.
             Slain by a gnoll
             ... wielding a +0 flail
              (6 damage)
             ... on level 2 of the Dungeon.
             The game lasted 00:01:54 (913 turns).

gelatine the Ruffian (Octopode Shapeshifter)         Turns: 913, Time: 00:01:55

Health: 0/23       AC:  1    Str: 15    XL:     3   Next: 58%
Magic:  3/3        EV: 13    Int: 12    God:
Gold:   66         SH:  0    Dex: 11    Spells: 2/2 levels left

rFire   . .          .
                       - Unarmed
rCold   . . .        (no shield)
rNeg    . . .        (helmet currently unavailable)
rPois   .            (no amulet)
rElec   .            (no ring)
rCorr   .            (no ring)
SInv    .            (no ring)
Will    .....        (no ring)
Stlth   ++           (no ring)
HPRegen 0.23/turn    (no ring)
MPRegen 0.08/turn    (no ring)
                     (no ring)

%: no passive effects
@: beast-form
A: beast (slay +1), almost no armour, amphibious, 8 rings, camouflage 1,
gelatinous body 1, (nimble swimmer 1), tentacles
a: Begin Untransformation


You were on level 2 of the Dungeon.
You were a hulking beast.
You visited 1 branch of the dungeon, and saw 2 of its levels.

You collected 66 gold pieces.

Inventory:

Talismans
 b - a beast talisman (active)
 c - a flux talisman
Scrolls
 d - 3 scrolls of identify {unknown}
 e - a scroll of blinking {unknown}
Potions
 a - a potion of lignification
 f - a potion of berserk rage {unknown}


   Skills:
 * Level 1.2 Fighting
 + Level 0.3 Throwing
 * Level 2.1 Dodging
 + Level 0.9 Stealth
 * Level 3.6 Unarmed Combat
 * Level 3.4 Shapeshifting


You had 2 spell levels left.
You didn't know any spells.
Your spell library contained the following spells:

 Spells                   Type           Power      Damage    Failure   Level
 Blink                    Tloc           0%         N/A       45%         2
 Lesser Beckoning         Tloc           0%         N/A       45%         2
 Momentum Strike          Conj/Tloc      0%         3d8       45%         2
 Wereblood                Tmut           0%         N/A       45%         2
 Irradiate                Conj/Tmut      0%         3d11      100%        5


Dungeon Overview and Level Annotations

Branches:
Dungeon (2/15)

Altars:


Innate Abilities, Weirdness & Mutations

You are a hulking beast.
Your limbs bulge with bestial killing power. (Slay +1)
You cannot wear most types of armour.
You are amphibious.
You can wear up to eight rings at the same time.
Your skin changes colour to match your surroundings (Stealth+).
Your rubbery body absorbs attacks. (AC +1, EV +1)
((You are camouflaged when in or above water. (Stealth+)))
You have tentacles for arms and can constrict up to eight enemies at once.


Message History

You are a hulking beast.
You have 8 tentacles available for constriction.
Your movement speed is average.
Your attack delay is about 0.9.
Your damage rating with unarmed combat is about 7 (Base [3 + 3 (UC)] x 107% (Str) x 102% (Fight) + 1 (Slay)).
Unknown command.
An endoplasm comes into view.
The endoplasm hits you.
You barely miss the endoplasm. The endoplasm freezes you.
You are frozen.
You tentacle-slap the endoplasm.
You kill the endoplasm!
Found 12 gold pieces.
HP restored.
A gnoll comes into view. It is wielding a +0 flail.
The gnoll shouts!
An adder and an endoplasm come into view.
A gnoll comes into view. It is wielding a +0 flail.
A gnoll comes into view. It is wielding a +0 flail.
You tentacle-slap the gnoll. Your grab misses the gnoll. You squeeze the gnoll!
You kill the gnoll!
You have reached level 3!
Your experience leads to an increase in your attributes!
Increase (S)trength, (I)ntelligence, or (D)exterity?
You feel stronger. x2
The gnoll shouts!
You hear a shout!
You closely miss the gnoll. You grab the gnoll.
You squeeze the gnoll, but do no damage.
You constrict the gnoll. The gnoll barely misses you.
You tentacle-slap the gnoll.
The gnoll is lightly wounded.
You constrict the gnoll. The gnoll hits you with a +0 flail!
You tentacle-slap the gnoll.
The gnoll is severely wounded.
You constrict the gnoll. The gnoll hits you with a +0 flail!
* * * LOW HITPOINT WARNING * * *
You bludgeon the gnoll!
You kill the gnoll!
The gnoll attacks as it pursues you! The gnoll hits you with a +0 flail.
You die...

...###...###..#
.................#
.................# .
...........)....# #.
#...###...###..# #..
#...# #.).# #..#
#...###...###...###..#
.....................#
..........hg.........#
#.....<....#####.####
##########.......#
#########


You could see a gnoll.

Vanquished Creatures
  2 gnolls (D:2)
  A dart slug (D:1)
  2 ball pythons (D:1)
  5 endoplasms
  A goblin (D:1)
  3 hobgoblins (D:1)
  5 frilled lizards (D:1)
  A rat (D:1)
20 creatures vanquished.

Notes
Turn   | Place    | Note
-------+----------+-------------------------------------------
     0 | D:1      | gelatine the Octopode Shapeshifter began the quest for the
                  | Orb.
     0 | D:1      | Reached XP level 1. HP: 13/13 MP: 1/1
     6 | D:1      | Noticed a rime drake
     6 | D:1      | Noticed a snapping turtle
     7 | D:1      | Noticed a hound
     7 | D:1      | Noticed a swamp worm
   209 | D:1      | Reached XP level 2. HP: 18/18 MP: 2/2
   891 | D:2      | Reached XP level 3. HP: 23/23 MP: 3/3
   913 | D:2      | Slain by a gnoll

Illustrated notes

Levels and vault maps discovered:
D:1:      onia_arrival_zoo_common, layout_basic
D:2:      layout_loops_cross, serial_shops, nicolae_shop_statue_plus,
          basic_altar, kennysheep_boxes, uniq_jessica

Action                     || total
---------------------------++-------
  Melee: Unarmed           ||    24
         Constrict         ||     4
         Punch             ||     1
         Tentacles         ||     6
  Throw: Stone             ||    12
   Stab: Sleeping          ||     3
 Armour: Skin              ||     8
  Dodge: Dodged            ||     6

Table legend: (Time is in decaauts)
 A = Elapsed time spent in this place.
 B = Non-inter-level travel time spent in this place.
 C = Inter-level travel time spent in this place.
 D = Time resting spent in this place.
 E = Time spent auto-exploring this place.
 F = Levels seen in this place.
 G = Mean time per level.
                   A        B        C        D        E       F      G
               +--------+--------+--------+--------+--------+-----+--------+
         Total |    912 |    836 |     76 |      0 |    656 |   2 |  456.0 |
       Dungeon |    912 |    836 |     76 |      0 |    656 |   2 |  456.0 |
               +--------+--------+--------+--------+--------+-----+--------+

Top non-repeatable levels by time:
     D:1: 839 daAuts
     D:2: 73 daAuts
